 Dungeon Sprint DCSS version 0.27.0-1-g7a089689b8 (webtiles) character file.

Game seed: 13131288081685119096

0 Conn the Firebug (level 1, -4/16 HPs)
             Began as an Octopode Fire Elementalist on Aug 14, 2021.
             Slain by a scorpion (8 damage)
             ... in the Dungeon (Sprint VII: "The Pits").
             The game lasted 00:00:24 (15 turns).

Conn the Firebug (Octopode Fire Elementalist)         Turns: 15, Time: 00:00:27

Health: -4/16      AC:  1    Str:  7    XL:     1   Next: 0%
Magic:  1/3        EV: 13    Int: 17    God:
Gold:   0          SH:  0    Dex: 12    Spells: 3/4 levels left

rFire    . . .     SeeInvis .   (no weapon)
rCold    . . .     Faith    .   (no shield)
rNeg     . . .     Spirit   .   (helmet restricted)
rPois    .         Reflect  .   (no amulet)
rElec    .         Harm     .   (no ring)
rCorr    .         Rampage  .   (no ring)
Will     .....     NoTele   +   (no ring)
Stlth    ..........             (no ring)
HPRegen  0.05/turn              (no ring)
MPRegen  0.08/turn              (no ring)
                                (no ring)
                                (no ring)

@: berserking, lethally poisoned (-4 -> -15), very quick
A: almost no armour, amphibious, 8 rings, camouflage 1, gelatinous body 1,
(nimble swimmer 1), tentacles
a: no special abilities


You were in the Dungeon.
You visited 1 branch

Inventory:

Scrolls
 f - a scroll of blinking
Potions
 a - a potion of curing
 b - a potion of heal wounds
 c - a potion of haste
 d - 2 potions of magic


   Skills:
 + Level 2.0 Dodging
 + Level 2.6 Stealth
 + Level 2.0 Spellcasting
 + Level 1.0 Conjurations
 + Level 3.0 Fire Magic


You had 3 spell levels left.
You knew the following spells:

 Your Spells              Type           Power      Damage    Failure   Level
a - Foxfire               Conj/Fire      32%        2x1d5     9%          1

Your spell library contained the following spells:

 Spells                   Type           Power      Damage    Failure   Level
 Conjure Flame            Conj/Fire      8%         6-21      26%         3
 Inner Flame              Hex/Fire       6%         N/A       30%         3
 Sticky Flame             Conj/Fire      8%         2d3       63%         4
 Fireball                 Conj/Fire      4%         3d4       93%         5


Dungeon Overview and Level Annotations

Branches:
Dungeon (1/1)

Altars:


Innate Abilities, Weirdness & Mutations

You cannot wear most types of armour.
You are amphibious.
You can wear up to eight rings at the same time.
Your skin changes colour to match your surroundings (Stealth+).
Your rubbery body absorbs attacks. (AC +1, EV +1)
((You are camouflaged near water. (Stealth+)))
You have tentacles for arms and can constrict up to eight enemies at once.


Message History

You add the spells Foxfire, Conjure Flame, Inner Flame, Sticky Flame and Fireball to your library.
Welcome, Conn the Octopode Fire Elementalist.
Press ? for a list of commands and other information.
Found a staircase leading out of the dungeon.
You open the door.
There is an open door to the Entrance Hall (Safe) here.
You open the door.
A scorpion comes into view.
Casting: Foxfire (safe; 9% risk of failure)
Confirm with . or Enter, or press ? or * to list all spells.
You conjure some foxfire!
Casting: Foxfire (safe; 9% risk of failure)
Confirm with . or Enter, or press ? or * to list all spells.
You conjure some foxfire!
The foxfire hits the scorpion.
The scorpion is lightly wounded.
The foxfire hits the scorpion but does no damage.
The scorpion is lightly wounded.
The foxfire hits the scorpion but does no damage.
The scorpion is lightly wounded.
The foxfire hits the scorpion but does no damage.
The scorpion is lightly wounded.
A red film seems to cover your vision as you go berserk!
You feel yourself moving faster!
You feel mighty! The scorpion stings you!
Ouch! That really hurt!
You are lethally poisoned!
The scorpion poisons you!
You barely miss the scorpion. Your grab misses the scorpion.
The scorpion is lightly wounded.
* * * LOW HITPOINT WARNING * * *
You feel very sick. The scorpion stings you!
Ouch! That really hurt!
You die...

##########++
#...........
#......#..#.
####.##..s@.......
......'...........
#+#####......#..#.
#...........
####'#####++
#.......#
#.......#
#.......#
#...<...#


You could see a scorpion.

Vanquished Creatures (others)
  4 foxfires (D)
4 creatures vanquished.

Notes
Turn   | Place    | Note
-------+----------+-------------------------------------------
     0 | D        | Conn the Octopode Fire Elementalist began the quest for the
                  | Orb.
     0 | D        | Reached XP level 1. HP: 11/11 MP: 3/3
     8 | D        | Noticed a scorpion
    15 | D        | Slain by a scorpion

Illustrated notes

Levels and vault maps discovered:
D:        pitsprint [storerooms_1, entrance_room_1, metal_vault_1, armoury_3,
          mini_pit_1, grid_room_1, main_hall_1, silver_pit, the_coven_1,
          the_vestibule_1, steel_vault_2, golden_pit, hallway_of_sentries,
          crystal_vault_2, iron_vault_1, final_vault]

Action                   || total
-------------------------++-------
Melee: Unarmed           ||     1
 Cast: Foxfire           ||     2
  Use: Potion            ||     1
